Map: 死亡光环-天梯版

Players

Dreamhaven - Winner!

  • Race: Protoss Protoss
  • League: Master

greatCSS

  • Race: Protoss Protoss
  • League: Grandmaster

VOD

Have the link to the VOD?

Description

Time

  • Played on: Nov. 29, 2020, 9:27 a.m.
  • Length: 26:02
Show
View Real Time Build Order
Export as new Build Order

Dreamhaven Protoss - Winner!

Build Orders: Oracle Opening 

Get SALT Encoding   

  12  0:00  Probe  
  13  0:12  Probe  
  14  0:17  Pylon  
  14  0:24  Probe  
  15  0:37  Gateway, Probe (Chrono Boost)  
  16  0:45  Assimilator  
  16  0:49  Probe (Chrono Boost)  
  17  0:53  Assimilator  
  17  0:56  Probe (Chrono Boost)  
  18  1:03  Probe  
  19  1:16  Probe  
  20  1:18  Gateway  
  20  1:25  Cybernetics Core  
  20  1:29  Probe  
  21  1:37  Pylon  
  21  1:41  Probe  
  22  1:53  Probe  
  23  2:03  Warp Gate, Adept x2 (Chrono Boost)  
  27  2:13  Pylon  
  27  2:20  Probe  
  28  2:30  Adept x2  
  32  2:39  Stargate  
  32  3:00  Stalker x2  
  31  3:20  Oracle (Chrono Boost)  
  31  3:22  Probe  
  35  3:34  Probe  
  35  3:38  Pylon  
  36  3:46  Probe  
  37  3:54  Twilight Council  
  37  3:59  Probe  
  36  4:11  Probe  
  35  4:23  Probe  
  35  4:35  Probe  
  34  4:47  Probe  
  35  4:59  Probe  
  36  5:05  Nexus  
  36  5:06  Stalker  
  38  5:16  Stalker  
  38  5:19  Probe  
  41  5:27  Blink (Chrono Boost)  
  41  5:35  Probe  
  42  5:43  Gateway  
  42  5:47  Probe  
  43  5:59  Probe  
  44  6:11  Probe (Chrono Boost)  
  44  6:14  Stalker  
  44  6:16  Stalker  
  50  6:23  Probe x2 (Chrono Boost)  
  49  6:29  Probe (Chrono Boost)  
  50  6:42  Stalker x2  
  50  6:43  Stalker, Probe (Chrono Boost)  
  50  6:46  Probe (Chrono Boost)  
  58  6:51  Pylon  
  59  6:54  Probe (Chrono Boost)  
  59  6:58  Probe (Chrono Boost)  
  59  7:01  Shield Battery  
  56  7:05  Stalker x2  
  58  7:10  Stalker  
  58  7:12  Probe x2  
  62  7:28  Stalker x2  
  58  7:35  Probe x2  
  53  7:48  Stalker  
  53  7:50  Probe x2  
  57  8:02  Probe  
  58  8:06  Probe  
  58  8:12  Stalker x3  
  59  8:14  Probe  
  59  8:18  Probe  
  61  8:26  Probe  
  60  8:30  Dark Shrine, Probe  
  61  8:35  Gateway, Stalker x2  
  61  8:37  Gateway  
  61  8:38  Adept  
  67  8:42  Probe  
  67  8:47  Assimilator  
  69  8:55  Pylon  
  68  9:01  Robotics Facility  
  68  9:02  Adept  
  70  9:10  Pylon  
  70  9:12  Assimilator  
  70  9:13  Probe  
  71  9:23  Pylon  
  71  9:34  Stalker x5  
  71  9:36  Probe x2  
  83  9:46  Warp Prism (Chrono Boost)  
  85  9:54  Probe x2  
  87  10:03  Pylon  
  81  10:27  Dark Templar x3  
  85  10:38  Nexus, Robotics Bay  
  85  10:40  Stalker x2  
  87  10:44  Probe x2  
  87  10:46  Forge  
  87  10:47  Observer (Chrono Boost)  
  87  11:02  Observer (Chrono Boost)  
  87  11:04  Probe  
  85  11:20  Protoss Ground Weapons Level 1 (Chrono Boost), Probe x2  
  87  11:27  Disruptor (Chrono Boost)  
  87  11:32  Probe x2  
  90  11:42  Stalker x3  
  96  11:54  Dark Templar x2  
  98  11:55  Disruptor (Chrono Boost)  
  103  12:03  Probe x2  
  105  12:20  Disruptor (Chrono Boost)  
  106  12:35  Probe x3  
  109  12:47  Disruptor (Chrono Boost), Probe  
  109  12:51  Photon Cannon  
  113  12:54  Pylon  
  106  13:08  Stalker x5  
  106  13:10  Probe  
  117  13:13  Probe x2  
  117  13:15  Photon Cannon  
  117  13:17  Assimilator  
  117  13:18  Assimilator  
  119  13:20  Robotics Facility  
  119  13:22  Probe  
  119  13:25  Probe  
  119  13:38  Stalker x5  
  77  14:03  Observer (Chrono Boost)  
  77  14:08  Shield Battery  
  76  14:16  Disruptor (Chrono Boost)  
  77  14:17  Disruptor (Chrono Boost)  
  77  14:18  Protoss Ground Weapons Level 2 (Chrono Boost)  
  77  14:20  Probe x2  
  82  14:26  Nexus  
  82  14:28  Pylon  
  82  14:36  Archon  
  82  14:44  Probe x2  
  84  14:46  Disruptor (Chrono Boost)  
  84  14:49  Disruptor (Chrono Boost)  
  90  14:56  Zealot x3, Probe  
  97  15:01  Stalker x2, Probe  
  102  15:08  Probe  
  102  15:13  Probe  
  104  15:15  Photon Cannon  
  104  15:17  Shield Battery  
  100  15:30  Stalker x2  
  104  15:38  Stalker  
  102  15:53  Probe x2  
  102  16:02  Photon Cannon  
  100  16:05  Probe  
  99  16:19  Stalker x3, Observer  
  99  16:23  Disruptor  
  106  16:42  Stalker x4  
  98  17:12  Disruptor x2 (Chrono Boost)  
  98  17:14  Stalker x5  
  101  17:17  Probe x2  
  103  17:39  Disruptor x2 (Chrono Boost)  
  103  17:41  Dark Shrine  
  109  17:46  Stalker x2  
  113  17:58  Zealot  
  115  18:09  Disruptor (Chrono Boost)  
  118  18:14  Shield Battery, Photon Cannon  
  118  18:24  Nexus  
  116  18:31  Protoss Ground Weapons Level 3  
  116  18:37  Disruptor  
  119  18:42  Observer  
  102  18:55  Dark Templar  
  104  18:58  Stalker x2  
  104  18:59  Stalker  
  110  19:05  Probe x2  
  110  19:17  Probe  
  110  19:19  Disruptor  
  110  19:20  Stalker  
  110  19:22  Probe  
  117  19:29  Disruptor  
  120  19:35  Probe x2  
  120  19:37  Photon Cannon  
  120  20:30  Stalker x5  
  113  20:41  Disruptor x2 (Chrono Boost)  
  113  20:49  Probe x2  
  121  20:51  Charge  
  118  21:01  Probe  
  99  21:10  Stalker x5  
  107  21:36  Disruptor x2 (Chrono Boost)  
  113  21:44  Dark Templar x2  
  117  21:48  Probe x2  
  119  22:01  Assimilator  
  119  22:05  Assimilator  
  111  22:11  Disruptor x2 (Chrono Boost)  
  117  22:19  Observer  
  117  22:22  Probe  
  118  22:28  Stalker x4  
  126  22:40  Probe  
  126  22:41  Probe  
  124  22:53  Probe  
  124  22:54  Probe  
  116  23:05  Probe  
  101  23:20  Stalker x3  
  101  23:21  Stalker x2  
  101  23:26  Nexus  
  111  23:38  Nexus  
  107  23:57  Assimilator  
  107  24:01  Gateway  
  107  24:03  Gateway  
  107  24:05  Gateway  
  105  24:13  Assimilator  
  105  24:16  Pylon x2  
  100  24:37  Zealot x4  
  100  24:38  Zealot  
  110  24:44  Probe x2  
  112  24:58  Pylon  
  112  25:00  Pylon  
  112  25:09  Photon Cannon  
  112  25:10  Photon Cannon  
  112  25:11  Photon Cannon  
  108  25:22  Dark Templar x8  
  108  25:24  Disruptor x2 (Chrono Boost)  
  108  25:27  Probe x2  
Show
View Real Time Build Order
Export as new Build Order

greatCSS Protoss 

Build Orders: Oracle Opening, Phoenix Opening 

Get SALT Encoding   

  12  0:00  Probe  
  13  0:12  Probe  
  14  0:19  Pylon  
  14  0:24  Probe  
  15  0:37  Probe (Chrono Boost)  
  15  0:39  Gateway  
  16  0:46  Probe (Chrono Boost)  
  17  0:51  Probe  
  17  0:53  Assimilator  
  18  1:03  Probe  
  19  1:05  Assimilator  
  19  1:14  Gateway  
  19  1:15  Probe  
  20  1:27  Cybernetics Core  
  20  1:28  Probe  
  21  1:36  Pylon  
  21  1:40  Probe  
  22  1:52  Probe  
  23  2:02  Adept x2 (Chrono Boost)  
  23  2:04  Probe  
  23  2:05  Warp Gate  
  28  2:14  Pylon  
  28  2:16  Probe  
  29  2:27  Stargate  
  29  2:28  Probe  
  29  2:37  Stalker  
  29  2:41  Pylon  
  31  2:50  Shield Battery  
  31  2:55  Shield Battery  
  33  3:10  Oracle (Chrono Boost)  
  34  3:22  Shield Battery  
  34  3:27  Shield Battery  
  34  3:30  Shield Battery  
  34  3:33  Nexus  
  34  3:36  Pylon  
  34  3:43  Phoenix  
  34  3:47  Pylon  
  36  3:56  Twilight Council  
  36  3:58  Shield Battery  
  36  4:03  Stalker  
  31  4:30  Stalker x2  
  36  4:46  Probe (Chrono Boost)  
  36  4:48  Probe (Chrono Boost)  
  36  4:52  Blink (Chrono Boost)  
  37  4:58  Probe (Chrono Boost)  
  37  4:59  Probe (Chrono Boost)  
  39  5:07  Probe  
  39  5:11  Probe  
  41  5:14  Shield Battery  
  41  5:19  Probe  
  41  5:20  Stalker  
  44  5:23  Probe  
  44  5:24  Stalker  
  47  5:31  Probe  
  47  5:35  Probe  
  49  5:40  Robotics Facility  
  49  5:43  Probe  
  49  5:46  Stalker  
  49  5:47  Probe  
  53  5:55  Probe  
  54  5:59  Shield Battery, Probe  
  54  6:02  Stalker  
  57  6:06  Gateway  
  57  6:07  Probe  
  58  6:11  Probe  
  58  6:17  Shield Battery  
  59  6:18  Stalker  
  59  6:19  Probe  
  59  6:24  Probe  
  63  6:27  Stalker  
  65  6:33  Probe  
  66  6:44  Stalker  
  66  6:46  Probe  
  69  6:47  Probe  
  70  6:58  Nexus  
  70  7:00  Pylon  
  70  7:08  Charge  
  70  7:14  Pylon  
  69  7:15  Pylon, Probe  
  69  7:16  Observer  
  61  7:32  Stalker x2  
  59  7:38  Probe (Chrono Boost)  
  59  7:44  Stalker  
  59  7:48  Probe (Chrono Boost)  
  59  7:50  Probe  
  61  7:57  Stalker  
  63  7:59  Probe (Chrono Boost)  
  63  8:02  Stalker  
  63  8:04  Probe (Chrono Boost)  
  63  8:10  Probe (Chrono Boost)  
  63  8:14  Probe (Chrono Boost)  
  63  8:16  Warp Prism (Chrono Boost)  
  63  8:17  Probe (Chrono Boost)  
  63  8:19  Probe (Chrono Boost)  
  66  8:27  Probe (Chrono Boost)  
  66  8:28  Shield Battery  
  66  8:32  Probe  
  67  8:35  Forge  
  67  8:38  Probe  
  67  8:39  Dark Shrine  
  68  8:42  Stalker  
  68  8:47  Assimilator  
  68  8:48  Assimilator  
  70  8:49  Probe  
  70  8:50  Probe  
  72  9:00  Shield Battery, Immortal (Chrono Boost)  
  72  9:01  Probe  
  72  9:02  Probe  
  78  9:03  Protoss Ground Weapons Level 1 (Chrono Boost)  
  78  9:13  Probe  
  78  9:14  Probe  
  81  9:17  Probe  
  81  9:25  Zealot x3  
  81  9:26  Probe x2  
  89  9:33  Gateway  
  89  9:34  Gateway  
  89  9:38  Probe x2  
  91  9:41  Pylon  
  91  9:50  Probe x2  
  93  9:59  Dark Templar x2  
  97  10:02  Stalker, Probe  
  94  10:26  Zealot  
  94  10:27  Zealot  
  95  10:32  Probe (Chrono Boost), Immortal (Chrono Boost)  
  100  10:39  Assimilator, Probe (Chrono Boost)  
  100  10:40  Assimilator  
  100  10:41  Zealot  
  100  10:42  Probe (Chrono Boost)  
  104  10:48  Probe (Chrono Boost)  
  104  10:49  Probe (Chrono Boost)  
  106  10:58  Zealot x2  
  106  10:59  Zealot x2, Probe, Protoss Ground Weapons Level 2 (Chrono Boost)  
  109  11:19  Observer (Chrono Boost)  
  103  11:30  Probe (Chrono Boost)  
  98  11:33  Probe (Chrono Boost)  
  98  11:35  Probe (Chrono Boost)  
  95  11:41  Probe (Chrono Boost), Warp Prism (Chrono Boost)  
  95  11:44  Probe (Chrono Boost)  
  99  11:52  Gateway  
  99  11:53  Gateway  
  99  11:54  Probe  
  100  11:56  Zealot x5  
  109  12:10  Observer  
  110  12:16  Dark Templar x2  
  110  12:17  Dark Templar  
  112  12:38  Immortal  
  116  12:46  Probe  
  116  12:50  Pylon  
  117  12:51  Pylon  
  117  12:53  Pylon  
  117  13:08  Probe  
  117  13:11  Photon Cannon x2  
  118  13:15  Immortal (Chrono Boost)  
  122  13:20  Zealot x2, Dark Templar  
  122  13:21  Dark Templar x3  
  122  13:22  Archon  
  122  13:24  Archon  
  122  13:25  Archon  
  132  13:29  Probe x2  
  132  13:32  Probe  
  130  13:34  Photon Cannon  
  127  13:48  Observer  
  91  13:52  Zealot x3  
  71  14:00  Stalker x2  
  71  14:01  Stalker  
  68  14:07  Probe (Chrono Boost)  
  66  14:18  Probe x2 (Chrono Boost)  
  66  14:19  Probe (Chrono Boost)  
  66  14:22  Pylon  
  68  14:24  Warp Prism  
  68  14:27  Zealot x2  
  68  14:28  Probe (Chrono Boost)  
  68  14:29  Observer x2  
  75  14:33  Probe (Chrono Boost)  
  75  14:34  Probe x2 (Chrono Boost)  
  78  14:42  Probe (Chrono Boost)  
  81  14:48  Probe x2 (Chrono Boost)  
  81  14:51  Probe (Chrono Boost)  
  82  14:55  Dark Templar, Probe (Chrono Boost)  
  82  14:56  Dark Templar  
  82  14:58  Probe (Chrono Boost)  
  88  15:05  Probe x2 (Chrono Boost)  
  91  15:10  Stalker x3  
  91  15:11  Probe (Chrono Boost)  
  91  15:13  Probe (Chrono Boost)  
  96  15:18  Probe  
  96  15:21  Pylon, Probe  
  96  15:24  Warp Prism (Chrono Boost)  
  96  15:30  Probe  
  96  15:33  Probe  
  98  15:42  Probe  
  99  15:43  Zealot x3  
  99  15:44  Zealot  
  99  15:45  Probe  
  104  15:50  Stalker x3  
  104  15:53  Protoss Ground Weapons Level 3 (Chrono Boost)  
  104  15:54  Probe  
  109  16:00  Probe  
  110  16:05  Assimilator  
  110  16:21  Stalker  
  110  16:22  Stalker  
  114  16:26  Dark Templar x2  
  114  16:27  Dark Templar x2  
  122  16:38  Stalker  
  120  16:48  Nexus  
  120  16:51  Zealot x2  
  118  17:04  Dark Templar  
  118  17:08  Dark Templar x2  
  91  17:23  Probe (Chrono Boost), Immortal (Chrono Boost)  
  91  17:26  Probe (Chrono Boost)  
  96  17:30  Pylon  
  96  17:33  Archon  
  96  17:34  Assimilator, Stalker x3  
  96  17:36  Probe (Chrono Boost)  
  103  17:44  Probe  
  103  17:48  Dark Templar  
  103  17:49  Dark Templar x2  
  110  17:55  Immortal  
  110  17:57  Probe  
  107  17:58  Robotics Bay  
  107  18:00  Robotics Facility  
  107  18:03  Stalker  
  107  18:04  Stalker x2  
  113  18:09  Probe  
  114  18:16  Archon  
  114  18:21  Stalker x3, Probe  
  121  18:32  Zealot x4  
  130  18:36  Probe (Chrono Boost)  
  130  18:37  Probe (Chrono Boost)  
  130  18:39  Photon Cannon  
  130  18:40  Shield Battery  
  131  18:43  Assimilator  
  130  18:53  Probe  
  130  18:54  Disruptor (Chrono Boost)  
  132  19:00  Zealot x5  
  132  19:01  Disruptor (Chrono Boost)  
  145  19:06  Probe (Chrono Boost)  
  145  19:14  Probe (Chrono Boost)  
  137  19:20  Disruptor (Chrono Boost)  
  137  19:21  Stalker x2  
  142  19:30  Disruptor (Chrono Boost)  
  142  19:31  Sentry x4  
  147  19:35  Pylon  
  152  19:45  Disruptor (Chrono Boost)  
  155  19:56  Zealot x2  
  155  19:57  Disruptor (Chrono Boost)  
  155  20:08  Dark Templar  
  155  20:09  Dark Templar x2  
  155  20:41  Disruptor  
  146  20:58  Phoenix  
  132  21:08  Warp Prism (Chrono Boost)  
  134  21:16  Nexus  
  130  21:20  Disruptor (Chrono Boost)  
  129  21:39  Nexus, Pylon  
  129  21:41  Disruptor (Chrono Boost)  
  132  21:49  Pylon  
  132  21:50  Disruptor (Chrono Boost)  
  132  21:53  Probe  
  122  22:09  Disruptor  
  123  22:18  Probe  
  123  22:21  Gravitic Boosters (Chrono Boost)  
  123  22:22  Disruptor  
  124  22:29  Dark Templar x2  
  127  22:42  Dark Templar x2  
  131  22:45  Disruptor  
  123  23:09  Phoenix  
  123  23:11  Stalker x3  
  114  23:15  Probe (Chrono Boost)  
  114  23:16  Assimilator  
  114  23:18  Assimilator  
  110  23:21  Photon Cannon x2  
  110  23:23  Shield Battery, Probe (Chrono Boost)  
  110  23:24  Observer, Probe (Chrono Boost)  
  112  23:27  Probe (Chrono Boost)  
  112  23:31  Probe (Chrono Boost)  
  112  23:34  Observer  
  113  23:38  Probe (Chrono Boost)  
  113  23:39  Zealot x3  
  113  23:40  Zealot  
  116  23:47  Stalker x2  
  115  23:49  Assimilator  
  115  23:51  Disruptor  
  119  23:55  Probe (Chrono Boost)  
  119  23:57  Disruptor  
  119  24:02  Probe (Chrono Boost)  
  116  24:26  Disruptor (Chrono Boost)  
  116  24:29  Observer  
  116  24:30  Disruptor (Chrono Boost)  
  97  24:47  Photon Cannon  
  97  24:49  Shield Battery, Stalker x6  
  97  24:51  Disruptor (Chrono Boost)  
  109  24:54  Nexus  
  109  24:55  Disruptor (Chrono Boost)  
  114  25:09  Pylon, Zealot x2  
  114  25:12  Dark Templar  
  114  25:13  Probe  
  116  25:14  Probe  
  117  25:25  Observer, Probe  
  119  25:30  Dark Templar  
  119  25:31  Dark Templar  
  87  25:50  Stalker x3  
  87  25:55  Stalker  
Tags
 
Add a new tag
Caveats
  • Supply blocks, unpowered buildings, or Contaminate may cause inaccurate times.
  • Supply counts are checked every 10 seconds.